 Dungeon Crawl Stone Soup version 0.31-a0-466-g98c9adc2b6 (webtiles) character file.

Game seed: 14501546032027663042

18 Monkooky the Ruffian (level 2, 0/34 HPs)
             Began as a Demigod Shapeshifter on Aug 5, 2023.
             Slain by an adder (2 damage)
             ... on level 1 of the Dungeon.
             The game lasted 00:01:31 (913 turns).

Monkooky the Ruffian (Demigod Shapeshifter)          Turns: 913, Time: 00:01:32

Health: 0/34       AC: 21    Str: 16    XL:     2   Next: 36%
Magic:  4/4        EV:  2    Int: 10    God:
Gold:   97         SH:  0    Dex: 14    Spells: 1/1 levels left

rFire   . .          .
                       - Unarmed
rCold   . . .        (no shield)
rNeg    . . .        a - melded +0 animal skin
rPois   +            (helmet currently unavailable)
rElec   .            (cloak currently unavailable)
rCorr   .            (gloves currently unavailable)
SInv    .            (boots currently unavailable)
Will    .....        (no amulet)
Stlth   +            (no ring)
HPRegen 0.25/turn    (no ring)
MPRegen 0.09/turn

%: no passive effects
@: tree-form, hasted, very quick
A: stationary, stasis, torment immunity, boosted hp, high MP 1, forlorn, divine
attributes
a: no special abilities


You were on level 1 of the Dungeon.
You were a tree.
You visited 1 branch of the dungeon, and saw 2 of its levels.

You collected 97 gold pieces.

Inventory:

Armour
 a - a +0 animal skin (melded)
Jewellery
 h - a ring of ice
Talismans
 c - a beast talisman
Scrolls
 d - a scroll of silence {unknown}
 e - a scroll of vulnerability {unknown}
 g - a scroll of fog {unknown}
Potions
 f - a potion of haste


   Skills:
 - Level 1.0 Fighting
 - Level 1.8 Dodging
 + Level 3.4 Unarmed Combat
 - Level 2.7 Shapeshifting


You had one spell level left.
You didn't know any spells.
Your spell library contained the following spells:

 Spells                   Type           Power      Damage    Failure   Level
 Dazzling Flash           Conj/Hex       0%         N/A       75%         3
 Agony                    Necr           0%         N/A       100%        5
 Silence                  Hex/Air        0%         N/A       100%        5


Dungeon Overview and Level Annotations

Branches:
Dungeon (2/15)


Innate Abilities, Weirdness & Mutations

You are a tree.
Your roots penetrate the ground, keeping you stationary.
You cannot be teleported.
You are immune to unholy pain and torment.
Your maximum health is greatly increased.
Your equipment is partially melded.
You have an increased reservoir of magic. (+10% MP)
You shall have no god before yourself.
Your divine heritage dramatically boosts your attributes as you level up.


Message History

Unknown command.
You smack the ball python!
You kill the ball python!
You feel sick.
The endoplasm hits you but does no damage.
The goblin hits you but does no damage. The adder bites you but does no damage.
You barely miss the adder.
The adder is severely wounded.
You feel sick.
The endoplasm hits you but does no damage.
The adder bites you but does no damage. The goblin hits you but does no damage.
You closely miss the adder.
The adder is severely wounded.
You feel sick. The adder bites you but does no damage. The endoplasm hits you.
* * * LOW HITPOINT WARNING * * *
The goblin hits you with a +0 club.
* * * LOW HITPOINT WARNING * * *
Unknown command.
You barely miss the endoplasm.
You feel sick.
You are no longer poisoned.
The adder bites you but does no damage. The endoplasm completely misses you.
The goblin hits you but does no damage. The adder bites you.
* * * LOW HITPOINT WARNING * * *
Unknown command.
It was a potion of haste.
You feel yourself speed up. The endoplasm barely misses you.
The goblin hits you but does no damage. The adder bites you but does no damage.
You hit the endoplasm but do no damage.
The endoplasm hits you but does no damage.
The adder bites you but does no damage. The goblin hits you but does no damage.
You barely miss the endoplasm. The adder barely misses you.
You hit the endoplasm but do no damage. The endoplasm barely misses you.
The goblin hits you but does no damage.
You smack the endoplasm!
You kill the endoplasm!
The adder barely misses you. The goblin hits you but does no damage.
You hit the adder.
The adder is almost dead.
The adder bites you.
You die...

#### ###### ######... #....#
#........ #....##### #........
#........# ###........ ###......#
#.+..÷..... ######......########
#.#........ #..............Sg..#
#.#........ .....####......#♣#.#
#.#.....##. .....#
#......#†#.####....#+###.
.....####......#.#.........#.###.
..####.#.###...#.#.............#.
..# #.#.## #...#.#...........#.##
..# ##.#.# #...#+#############.##
..###.#.####.........# #.##
..÷..####.........##.### #.##
.....# #.........##...#######.##


You could see an adder and a goblin.

Vanquished Creatures
  A dart slug (D:1)
  2 ball pythons (D:1)
  3 endoplasms (D:1)
  2 hobgoblins (D:1)
  A quokka (D:1)
  A bat (D:1)
  A frilled lizard (D:1)
  6 rats (D:1)
17 creatures vanquished.

Notes
Turn   | Place    | Note
-------+----------+-------------------------------------------
     0 | D:1      | Monkooky the Demigod Shapeshifter began the quest for the
                  | Orb.
     0 | D:1      | Reached XP level 1. HP: 15/15 MP: 3/3
    86 | D:1      | Reached skill level 1 in Fighting
   249 | D:1      | Reached skill level 3 in Unarmed Combat
   499 | D:1      | Reached XP level 2. HP: 23/23 MP: 4/4
   907 | D:1      | HP: 1/34 [adder (3)]
   913 | D:1      | Slain by an adder

Illustrated notes

Levels and vault maps discovered:
D:1:      minmay_arrival_four_loops, layout_basic, minmay_misc_feat_hallway,
          minivault_24
D:2:      layout_rooms, shapermc_ecumenical_altar_rom_forum

Skill      XL: |  1 |
---------------+----+-----
Fighting       | 1 |  1.0
Unarmed Combat | 3 |  3.4
Dodging        | |  1.8
Shapeshifting  | |  2.7

Action                     || total
---------------------------++-------
  Melee: Unarmed           ||    51
         Punch             ||     1
    Use: Potion            ||     2
   Stab: Sleeping          ||     1
 Armour: Animal skin       ||     2
         Skin              ||    21
  Dodge: Dodged            ||    32

Table legend: (Time is in decaauts)
 A = Elapsed time spent in this place.
 B = Non-inter-level travel time spent in this place.
 C = Inter-level travel time spent in this place.
 D = Time resting spent in this place.
 E = Time spent auto-exploring this place.
 F = Levels seen in this place.
 G = Mean time per level.
                   A        B        C        D        E       F      G
               +--------+--------+--------+--------+--------+-----+--------+
         Total |    909 |    877 |     32 |      0 |    766 |   2 |  454.5 |
       Dungeon |    909 |    877 |     32 |      0 |    766 |   2 |  454.5 |
               +--------+--------+--------+--------+--------+-----+--------+

Top non-repeatable levels by time:
     D:1: 901 daAuts
     D:2: 7 daAuts
